 Dungeon Crawl Stone Soup version 0.29.0-4-gdea44cf6ec (webtiles) character file.

Game seed: 9142438602835937298

284 qw the Chopper (level 6, -2/52 HPs)
             Began as a Minotaur Fighter on Sept 5, 2022.
             Succumbed to a scorpion's poison
             ... on level 3 of the Dungeon.
             The game lasted 00:06:20 (2823 turns).

qw the Chopper (Minotaur Fighter)                   Turns: 2823, Time: 00:06:21

Health: -2/52      AC: 12    Str: 23    XL:     6   Next: 7%
Magic:  5/5        EV:  6    Int:  5    God:
Gold:   72         SH:  4    Dex:  9    Spells: 5/5 levels left

rFire   . . .      SeeInvis .   Y - +0 war axe
rCold   . . .      Faith    .   c - +0 buckler
rNeg    . . .      Spirit   .   m - +1 plate armour
rPois   .          Reflect  .   (helmet restricted)
rElec   .          Harm     .   (no cloak)
rCorr   .          Rampage  .   (no gloves)
Will    .....                   (no boots)
Stlth   ..........              (no amulet)
HPRegen 0.17/turn               (no ring)
MPRegen 0.09/turn               (no ring)

@: lethally poisoned (-2 -> -15)
A: horns 2, retaliatory headbutt
a: no special abilities


You were on level 3 of the Dungeon.
You visited 1 branch of the dungeon, and saw 3 of its levels.

You collected 72 gold pieces.


Innate Abilities, Weirdness & Mutations

You have a pair of horns on your head.
You reflexively headbutt those who attack you in melee.


   Skills:
 - Level 4.0 Fighting
 + Level 7.0 Axes
 - Level 3.6 Armour
 - Level 2.1 Dodging
 - Level 3.6 Shields


You had 5 spell levels left.
You didn't know any spells.
Your spell library was empty.

Inventory:

Hand Weapons
 h - a +0 hammer
 Y - a +0 war axe (weapon)
Missiles
 n - 3 boomerangs (quivered)
Armour
 c - a +0 buckler (worn)
 m - a +1 plate armour (worn)
Scrolls
 b - a scroll of teleportation {unknown}
 g - a scroll of identify
Potions
 a - a potion of mutation {unknown}
 d - 4 potions of might
 f - a potion of curing
 i - a potion of heal wounds {unknown}
 j - a potion of cancellation {unknown}
 k - a potion of lignification {unknown}
 l - a potion of berserk rage {unknown}

Dungeon Overview and Level Annotations

Branches:
Dungeon (3/15)

Altars:

Annotations:
D:2 1 runed translucent door, Crazy Yiuf


Message History

The scorpion is heavily wounded.
You feel sick.
The scorpion stings you but does no damage.
You closely miss the scorpion.
The scorpion is heavily wounded.
You feel sick. You block the scorpion's attack.
You closely miss the scorpion.
The scorpion is heavily wounded.
You feel sick. The scorpion stings you.
You are more poisoned.
The scorpion poisons you!
The scorpion stings you but does no damage.
You barely miss the scorpion. Your headbutt misses the scorpion.
The scorpion is heavily wounded.
You feel very sick.
The scorpion stings you but does no damage.
You barely miss the scorpion. Your headbutt misses the scorpion.
The scorpion is heavily wounded.
You feel very sick. You block the scorpion's attack.
The scorpion stings you but does no damage.
You hit the scorpion.
The scorpion is severely wounded.
You feel very sick.
The scorpion stings you but does no damage.
You closely miss the scorpion.
The scorpion is severely wounded.
You feel sick. You block the scorpion's attack.
You hit the scorpion.
The scorpion is severely wounded.
You feel sick. You block the scorpion's attack. The scorpion stings you.
You are lethally poisoned!
The scorpion poisons you!
You closely miss the scorpion. Your headbutt misses the scorpion.
The scorpion is severely wounded.
You feel very sick. The scorpion stings you.
You closely miss the scorpion.
The scorpion is severely wounded.
You die...

.. ..... #.# ....# #.# #
#...# #.# #. #...# #.#
#..##...# #.#########
...... #..>.......
#.s######..#####.##
#..#.@...>....# ##...#
#..#.######.#####.:...
#....# ##.####......
###....## ##...##.......
#.......###.###.##......
#..>........# #......... #
#.......##..###.##.....#
#.####............###..#.##
#..<.......##.##### #..###


You could see a scorpion.

Vanquished Creatures
  Sigmund (D:2)
  A scorpion (D:2)
  4 adders
  A worm (D:2)
  2 bats (D:1)
  2 endoplasms (D:2)
  2 giant cockroaches (D:1)
  6 goblins
  5 hobgoblins
  3 jackals (D:1)
  3 kobolds
  3 quokkas
  5 ball pythons
  2 frilled lizards (D:1)
  2 rats (D:2)
42 creatures vanquished.

Vanquished Creatures (others)
  4 toadstools (D:1)
4 creatures vanquished.

Grand Total: 46 creatures vanquished

Notes
Turn   | Place    | Note
-------+----------+-------------------------------------------
     0 | D:1      | qw the Minotaur Fighter began the quest for the Orb.
     0 | D:1      | Reached XP level 1. HP: 19/19 MP: 0/0
     0 | D:1      | 0 ||| qw: Version: 0.1-a-104-g96f76f8
     0 | D:1      | 0 ||| qw: Game counter: 5915
     0 | D:1      | 0 ||| qw: Always use a shield: true
     0 | D:1      | 0 ||| qw: God list: Ru
     0 | D:1      | 0 ||| qw: Allow faded altars: false
     0 | D:1      | 0 ||| qw: Do Orc after D:15 true
     0 | D:1      | 0 ||| qw: Do second Lair branch before Depths: true
     0 | D:1      | 0 ||| qw: Lair rune preference: random
     0 | D:1      | 0 ||| qw: Plans: Normal
     0 | D:1      | 0 ||| PLANNING D:1-11
    30 | D:1      | 30 ||| Stepping randomly (stuck).
    31 | D:1      | 31 ||| Stepping randomly (stuck).
    32 | D:1      | 32 ||| Stepping randomly (stuck).
    33 | D:1      | 33 ||| Stepping randomly (stuck).
    34 | D:1      | 34 ||| Stepping randomly (stuck).
    35 | D:1      | 35 ||| Stepping randomly (stuck).
    36 | D:1      | 36 ||| Stepping randomly (stuck).
    37 | D:1      | 37 ||| Stepping randomly (stuck).
    38 | D:1      | 38 ||| Stepping randomly (stuck).
    39 | D:1      | 39 ||| Stepping randomly (stuck).
    40 | D:1      | 40 ||| Stepping randomly (stuck).
    41 | D:1      | 41 ||| Stepping randomly (stuck).
    42 | D:1      | 42 ||| Stepping randomly (stuck).
    43 | D:1      | 43 ||| Stepping randomly (stuck).
    44 | D:1      | 44 ||| Stepping randomly (stuck).
    45 | D:1      | 45 ||| Stepping randomly (stuck).
    46 | D:1      | 46 ||| Stepping randomly (stuck).
    47 | D:1      | 47 ||| Stepping randomly (stuck).
    48 | D:1      | 48 ||| Stepping randomly (stuck).
    49 | D:1      | 49 ||| Stepping randomly (stuck).
    50 | D:1      | 50 ||| Stepping randomly (stuck).
    51 | D:1      | 51 ||| Stepping randomly (stuck).
    52 | D:1      | 52 ||| Stepping randomly (stuck).
    53 | D:1      | 53 ||| Stepping randomly (stuck).
    54 | D:1      | 54 ||| Stepping randomly (stuck).
    55 | D:1      | 55 ||| Stepping randomly (stuck).
    56 | D:1      | 56 ||| Stepping randomly (stuck).
    57 | D:1      | 57 ||| Stepping randomly (stuck).
    58 | D:1      | 58 ||| Stepping randomly (stuck).
    59 | D:1      | 59 ||| Stepping randomly (stuck).
    60 | D:1      | 60 ||| Stepping randomly (stuck).
    61 | D:1      | 61 ||| Stepping randomly (stuck).
    62 | D:1      | 62 ||| Stepping randomly (stuck).
    63 | D:1      | 63 ||| Stepping randomly (stuck).
    64 | D:1      | 64 ||| Stepping randomly (stuck).
    65 | D:1      | 65 ||| Stepping randomly (stuck).
    66 | D:1      | 66 ||| Stepping randomly (stuck).
    67 | D:1      | 67 ||| Stepping randomly (stuck).
    68 | D:1      | 68 ||| Stepping randomly (stuck).
    69 | D:1      | 69 ||| Stepping randomly (stuck).
    70 | D:1      | 70 ||| Stepping randomly (stuck).
    71 | D:1      | 71 ||| Stepping randomly (stuck).
    72 | D:1      | 72 ||| Stepping randomly (stuck).
    73 | D:1      | 73 ||| Stepping randomly (stuck).
    74 | D:1      | 74 ||| Stepping randomly (stuck).
    75 | D:1      | 75 ||| Stepping randomly (stuck).
    76 | D:1      | 76 ||| Stepping randomly (stuck).
    77 | D:1      | 77 ||| Stepping randomly (stuck).
    78 | D:1      | 78 ||| Stepping randomly (stuck).
    79 | D:1      | 79 ||| Stepping randomly (stuck).
    80 | D:1      | 80 ||| Stepping randomly (stuck).
    81 | D:1      | 81 ||| Stepping randomly (stuck).
    82 | D:1      | 82 ||| Stepping randomly (stuck).
    83 | D:1      | 83 ||| Stepping randomly (stuck).
    84 | D:1      | 84 ||| Stepping randomly (stuck).
    85 | D:1      | 85 ||| Stepping randomly (stuck).
    86 | D:1      | 86 ||| Stepping randomly (stuck).
    87 | D:1      | 87 ||| Stepping randomly (stuck).
    88 | D:1      | 88 ||| Stepping randomly (stuck).
    89 | D:1      | 89 ||| Stepping randomly (stuck).
    90 | D:1      | 90 ||| Stepping randomly (stuck).
    91 | D:1      | 91 ||| Stepping randomly (stuck).
    92 | D:1      | 92 ||| Stepping randomly (stuck).
    93 | D:1      | 93 ||| Stepping randomly (stuck).
    94 | D:1      | 94 ||| Stepping randomly (stuck).
    95 | D:1      | 95 ||| Stepping randomly (stuck).
    96 | D:1      | 96 ||| Stepping randomly (stuck).
    97 | D:1      | 97 ||| Stepping randomly (stuck).
    98 | D:1      | 98 ||| Stepping randomly (stuck).
    99 | D:1      | 99 ||| Stepping randomly (stuck).
   100 | D:1      | 100 ||| Stepping randomly (stuck).
   101 | D:1      | 101 ||| Stepping randomly (stuck).
   102 | D:1      | 102 ||| Stepping randomly (stuck).
   103 | D:1      | 103 ||| Stepping randomly (stuck).
   104 | D:1      | 104 ||| Stepping randomly (stuck).
   105 | D:1      | 105 ||| Stepping randomly (stuck).
   106 | D:1      | 106 ||| Stepping randomly (stuck).
   107 | D:1      | 107 ||| Stepping randomly (stuck).
   108 | D:1      | 108 ||| Stepping randomly (stuck).
   109 | D:1      | 109 ||| Stepping randomly (stuck).
   110 | D:1      | 110 ||| Stepping randomly (stuck).
   111 | D:1      | 111 ||| Stepping randomly (stuck).
   112 | D:1      | 112 ||| Stepping randomly (stuck).
   113 | D:1      | 113 ||| Stepping randomly (stuck).
   114 | D:1      | 114 ||| Stepping randomly (stuck).
   115 | D:1      | 115 ||| Stepping randomly (stuck).
   116 | D:1      | 116 ||| Stepping randomly (stuck).
   117 | D:1      | 117 ||| Stepping randomly (stuck).
   118 | D:1      | 118 ||| Stepping randomly (stuck).
   119 | D:1      | 119 ||| Stepping randomly (stuck).
   120 | D:1      | 120 ||| Stepping randomly (stuck).
   121 | D:1      | 121 ||| Stepping randomly (stuck).
   122 | D:1      | 122 ||| Stepping randomly (stuck).
   123 | D:1      | 123 ||| Stepping randomly (stuck).
   124 | D:1      | 124 ||| Stepping randomly (stuck).
   125 | D:1      | 125 ||| Stepping randomly (stuck).
   126 | D:1      | 126 ||| Stepping randomly (stuck).
   127 | D:1      | 127 ||| Stepping randomly (stuck).
   128 | D:1      | 128 ||| Stepping randomly (stuck).
   129 | D:1      | 129 ||| Stepping randomly (stuck).
   130 | D:1      | 130 ||| Stepping randomly (stuck).
   131 | D:1      | 131 ||| Stepping randomly (stuck).
   132 | D:1      | 132 ||| Stepping randomly (stuck).
   133 | D:1      | 133 ||| Stepping randomly (stuck).
   134 | D:1      | 134 ||| Stepping randomly (stuck).
   135 | D:1      | 135 ||| Stepping randomly (stuck).
   136 | D:1      | 136 ||| Stepping randomly (stuck).
   137 | D:1      | 137 ||| Stepping randomly (stuck).
   138 | D:1      | 138 ||| Stepping randomly (stuck).
   139 | D:1      | 139 ||| Stepping randomly (stuck).
   140 | D:1      | 140 ||| Stepping randomly (stuck).
   141 | D:1      | 141 ||| Stepping randomly (stuck).
   142 | D:1      | 142 ||| Stepping randomly (stuck).
   143 | D:1      | 143 ||| Stepping randomly (stuck).
   144 | D:1      | 144 ||| Stepping randomly (stuck).
   145 | D:1      | 145 ||| Stepping randomly (stuck).
   146 | D:1      | 146 ||| Stepping randomly (stuck).
   147 | D:1      | 147 ||| Stepping randomly (stuck).
   148 | D:1      | 148 ||| Stepping randomly (stuck).
   149 | D:1      | 149 ||| Stepping randomly (stuck).
   150 | D:1      | 150 ||| Stepping randomly (stuck).
   151 | D:1      | 151 ||| Stepping randomly (stuck).
   152 | D:1      | 152 ||| Stepping randomly (stuck).
   153 | D:1      | 153 ||| Stepping randomly (stuck).
   154 | D:1      | 154 ||| Stepping randomly (stuck).
   155 | D:1      | 155 ||| Stepping randomly (stuck).
   156 | D:1      | 156 ||| Stepping randomly (stuck).
   157 | D:1      | 157 ||| Stepping randomly (stuck).
   158 | D:1      | 158 ||| Stepping randomly (stuck).
   159 | D:1      | 159 ||| Stepping randomly (stuck).
   160 | D:1      | 160 ||| Stepping randomly (stuck).
   161 | D:1      | 161 ||| Stepping randomly (stuck).
   162 | D:1      | 162 ||| Stepping randomly (stuck).
   163 | D:1      | 163 ||| Stepping randomly (stuck).
   164 | D:1      | 164 ||| Stepping randomly (stuck).
   165 | D:1      | 165 ||| Stepping randomly (stuck).
   166 | D:1      | 166 ||| Stepping randomly (stuck).
   167 | D:1      | 167 ||| Stepping randomly (stuck).
   168 | D:1      | 168 ||| Stepping randomly (stuck).
   169 | D:1      | 169 ||| Stepping randomly (stuck).
   170 | D:1      | 170 ||| Stepping randomly (stuck).
   171 | D:1      | 171 ||| Stepping randomly (stuck).
   172 | D:1      | 172 ||| Stepping randomly (stuck).
   173 | D:1      | 173 ||| Stepping randomly (stuck).
   174 | D:1      | 174 ||| Stepping randomly (stuck).
   175 | D:1      | 175 ||| Stepping randomly (stuck).
   176 | D:1      | 176 ||| Stepping randomly (stuck).
   177 | D:1      | 177 ||| Stepping randomly (stuck).
   178 | D:1      | 178 ||| Stepping randomly (stuck).
   179 | D:1      | 179 ||| Stepping randomly (stuck).
   180 | D:1      | 180 ||| Stepping randomly (stuck).
   181 | D:1      | 181 ||| Stepping randomly (stuck).
   182 | D:1      | 182 ||| Stepping randomly (stuck).
   183 | D:1      | 183 ||| Stepping randomly (stuck).
   184 | D:1      | 184 ||| Stepping randomly (stuck).
   185 | D:1      | 185 ||| Stepping randomly (stuck).
   186 | D:1      | 186 ||| Stepping randomly (stuck).
   187 | D:1      | 187 ||| Stepping randomly (stuck).
   188 | D:1      | 188 ||| Stepping randomly (stuck).
   189 | D:1      | 189 ||| Stepping randomly (stuck).
   190 | D:1      | 190 ||| Stepping randomly (stuck).
   191 | D:1      | 191 ||| Stepping randomly (stuck).
   192 | D:1      | 192 ||| Stepping randomly (stuck).
   193 | D:1      | 193 ||| Stepping randomly (stuck).
   194 | D:1      | 194 ||| Stepping randomly (stuck).
   195 | D:1      | 195 ||| Stepping randomly (stuck).
   196 | D:1      | 196 ||| Stepping randomly (stuck).
   197 | D:1      | 197 ||| Stepping randomly (stuck).
   198 | D:1      | 198 ||| Stepping randomly (stuck).
   199 | D:1      | 199 ||| Stepping randomly (stuck).
   200 | D:1      | 200 ||| Stepping randomly (stuck).
   201 | D:1      | 201 ||| Stepping randomly (stuck).
   202 | D:1      | 202 ||| Stepping randomly (stuck).
   203 | D:1      | 203 ||| Stepping randomly (stuck).
   204 | D:1      | 204 ||| Stepping randomly (stuck).
   205 | D:1      | 205 ||| Stepping randomly (stuck).
   206 | D:1      | 206 ||| Stepping randomly (stuck).
   207 | D:1      | 207 ||| Stepping randomly (stuck).
   208 | D:1      | 208 ||| Stepping randomly (stuck).
   209 | D:1      | 209 ||| Stepping randomly (stuck).
   210 | D:1      | 210 ||| Stepping randomly (stuck).
   211 | D:1      | 211 ||| Stepping randomly (stuck).
   212 | D:1      | 212 ||| Stepping randomly (stuck).
   213 | D:1      | 213 ||| Stepping randomly (stuck).
   214 | D:1      | 214 ||| Stepping randomly (stuck).
   215 | D:1      | 215 ||| Stepping randomly (stuck).
   216 | D:1      | 216 ||| Stepping randomly (stuck).
   217 | D:1      | 217 ||| Stepping randomly (stuck).
   218 | D:1      | 218 ||| Stepping randomly (stuck).
   219 | D:1      | 219 ||| Stepping randomly (stuck).
   220 | D:1      | 220 ||| Stepping randomly (stuck).
   221 | D:1      | 221 ||| Stepping randomly (stuck).
   222 | D:1      | 222 ||| Stepping randomly (stuck).
   223 | D:1      | 223 ||| Stepping randomly (stuck).
   224 | D:1      | 224 ||| Stepping randomly (stuck).
   225 | D:1      | 225 ||| Stepping randomly (stuck).
   226 | D:1      | 226 ||| Stepping randomly (stuck).
   227 | D:1      | 227 ||| Stepping randomly (stuck).
   228 | D:1      | 228 ||| Stepping randomly (stuck).
   229 | D:1      | 229 ||| Stepping randomly (stuck).
   230 | D:1      | 230 ||| Stepping randomly (stuck).
   231 | D:1      | 231 ||| Stepping randomly (stuck).
   232 | D:1      | 232 ||| Stepping randomly (stuck).
   233 | D:1      | 233 ||| Stepping randomly (stuck).
   234 | D:1      | 234 ||| Stepping randomly (stuck).
   235 | D:1      | 235 ||| Stepping randomly (stuck).
   236 | D:1      | 236 ||| Stepping randomly (stuck).
   237 | D:1      | 237 ||| Stepping randomly (stuck).
   238 | D:1      | 238 ||| Stepping randomly (stuck).
   239 | D:1      | 239 ||| Stepping randomly (stuck).
   240 | D:1      | 240 ||| Stepping randomly (stuck).
   241 | D:1      | 241 ||| Stepping randomly (stuck).
   242 | D:1      | 242 ||| Stepping randomly (stuck).
   243 | D:1      | 243 ||| Stepping randomly (stuck).
   244 | D:1      | 244 ||| Stepping randomly (stuck).
   245 | D:1      | 245 ||| Stepping randomly (stuck).
   246 | D:1      | 246 ||| Stepping randomly (stuck).
   247 | D:1      | 247 ||| Stepping randomly (stuck).
   248 | D:1      | 248 ||| Stepping randomly (stuck).
   249 | D:1      | 249 ||| Stepping randomly (stuck).
   250 | D:1      | 250 ||| Stepping randomly (stuck).
   251 | D:1      | 251 ||| Stepping randomly (stuck).
   252 | D:1      | 252 ||| Stepping randomly (stuck).
   253 | D:1      | 253 ||| Stepping randomly (stuck).
   254 | D:1      | 254 ||| Stepping randomly (stuck).
   255 | D:1      | 255 ||| Stepping randomly (stuck).
   256 | D:1      | 256 ||| Stepping randomly (stuck).
   257 | D:1      | 257 ||| Stepping randomly (stuck).
   258 | D:1      | 258 ||| Stepping randomly (stuck).
   259 | D:1      | 259 ||| Stepping randomly (stuck).
   260 | D:1      | 260 ||| Stepping randomly (stuck).
   261 | D:1      | 261 ||| Stepping randomly (stuck).
   262 | D:1      | 262 ||| Stepping randomly (stuck).
   263 | D:1      | 263 ||| Stepping randomly (stuck).
   264 | D:1      | 264 ||| Stepping randomly (stuck).
   265 | D:1      | 265 ||| Stepping randomly (stuck).
   266 | D:1      | 266 ||| Stepping randomly (stuck).
   267 | D:1      | 267 ||| Stepping randomly (stuck).
   268 | D:1      | 268 ||| Stepping randomly (stuck).
   269 | D:1      | 269 ||| Stepping randomly (stuck).
   270 | D:1      | 270 ||| Stepping randomly (stuck).
   271 | D:1      | 271 ||| Stepping randomly (stuck).
   272 | D:1      | 272 ||| Stepping randomly (stuck).
   273 | D:1      | 273 ||| Stepping randomly (stuck).
   274 | D:1      | 274 ||| Stepping randomly (stuck).
   275 | D:1      | 275 ||| Stepping randomly (stuck).
   276 | D:1      | 276 ||| Stepping randomly (stuck).
   277 | D:1      | 277 ||| Stepping randomly (stuck).
   278 | D:1      | 278 ||| Stepping randomly (stuck).
   279 | D:1      | 279 ||| Stepping randomly (stuck).
   280 | D:1      | 280 ||| Stepping randomly (stuck).
   281 | D:1      | 281 ||| Stepping randomly (stuck).
   282 | D:1      | 282 ||| Stepping randomly (stuck).
   283 | D:1      | 283 ||| Stepping randomly (stuck).
   284 | D:1      | 284 ||| Stepping randomly (stuck).
   285 | D:1      | 285 ||| Stepping randomly (stuck).
   286 | D:1      | 286 ||| Stepping randomly (stuck).
   287 | D:1      | 287 ||| Stepping randomly (stuck).
   288 | D:1      | 288 ||| Stepping randomly (stuck).
   289 | D:1      | 289 ||| Stepping randomly (stuck).
   290 | D:1      | 290 ||| Stepping randomly (stuck).
   291 | D:1      | 291 ||| Stepping randomly (stuck).
   292 | D:1      | 292 ||| Stepping randomly (stuck).
   293 | D:1      | 293 ||| Stepping randomly (stuck).
   294 | D:1      | 294 ||| Stepping randomly (stuck).
   295 | D:1      | 295 ||| Stepping randomly (stuck).
   296 | D:1      | 296 ||| Stepping randomly (stuck).
   297 | D:1      | 297 ||| Stepping randomly (stuck).
   298 | D:1      | 298 ||| Stepping randomly (stuck).
   299 | D:1      | 299 ||| Stepping randomly (stuck).
   300 | D:1      | 300 ||| Stepping randomly (stuck).
   301 | D:1      | 301 ||| Stepping randomly (stuck).
   302 | D:1      | 302 ||| Stepping randomly (stuck).
   303 | D:1      | 303 ||| Stepping randomly (stuck).
   304 | D:1      | 304 ||| Stepping randomly (stuck).
   305 | D:1      | 305 ||| Stepping randomly (stuck).
   306 | D:1      | 306 ||| Stepping randomly (stuck).
   307 | D:1      | 307 ||| Stepping randomly (stuck).
   308 | D:1      | 308 ||| Stepping randomly (stuck).
   309 | D:1      | 309 ||| Stepping randomly (stuck).
   310 | D:1      | 310 ||| Stepping randomly (stuck).
   311 | D:1      | 311 ||| Stepping randomly (stuck).
   312 | D:1      | 312 ||| Stepping randomly (stuck).
   313 | D:1      | 313 ||| Stepping randomly (stuck).
   314 | D:1      | 314 ||| Stepping randomly (stuck).
   315 | D:1      | 315 ||| Stepping randomly (stuck).
   316 | D:1      | 316 ||| Stepping randomly (stuck).
   317 | D:1      | 317 ||| Stepping randomly (stuck).
   318 | D:1      | 318 ||| Stepping randomly (stuck).
   319 | D:1      | 319 ||| Stepping randomly (stuck).
   320 | D:1      | 320 ||| Stepping randomly (stuck).
   321 | D:1      | 321 ||| Stepping randomly (stuck).
   322 | D:1      | 322 ||| Stepping randomly (stuck).
   323 | D:1      | 323 ||| Stepping randomly (stuck).
   324 | D:1      | 324 ||| Stepping randomly (stuck).
   325 | D:1      | 325 ||| Stepping randomly (stuck).
   326 | D:1      | 326 ||| Stepping randomly (stuck).
   327 | D:1      | 327 ||| Stepping randomly (stuck).
   328 | D:1      | 328 ||| Stepping randomly (stuck).
   329 | D:1      | 329 ||| Stepping randomly (stuck).
   330 | D:1      | 330 ||| Stepping randomly (stuck).
   331 | D:1      | 331 ||| Stepping randomly (stuck).
   332 | D:1      | 332 ||| Stepping randomly (stuck).
   333 | D:1      | 333 ||| Stepping randomly (stuck).
   334 | D:1      | 334 ||| Stepping randomly (stuck).
   335 | D:1      | 335 ||| Stepping randomly (stuck).
   336 | D:1      | 336 ||| Stepping randomly (stuck).
   337 | D:1      | 337 ||| Stepping randomly (stuck).
   338 | D:1      | 338 ||| Stepping randomly (stuck).
   339 | D:1      | 339 ||| Stepping randomly (stuck).
   340 | D:1      | 340 ||| Stepping randomly (stuck).
   341 | D:1      | 341 ||| Stepping randomly (stuck).
   342 | D:1      | 342 ||| Stepping randomly (stuck).
   343 | D:1      | 343 ||| Stepping randomly (stuck).
   344 | D:1      | 344 ||| Stepping randomly (stuck).
   345 | D:1      | 345 ||| Stepping randomly (stuck).
   346 | D:1      | 346 ||| Stepping randomly (stuck).
   347 | D:1      | 347 ||| Stepping randomly (stuck).
   348 | D:1      | 348 ||| Stepping randomly (stuck).
   349 | D:1      | 349 ||| Stepping randomly (stuck).
   350 | D:1      | 350 ||| Stepping randomly (stuck).
   351 | D:1      | 351 ||| Stepping randomly (stuck).
   352 | D:1      | 352 ||| Stepping randomly (stuck).
   353 | D:1      | 353 ||| Stepping randomly (stuck).
   354 | D:1      | 354 ||| Stepping randomly (stuck).
   355 | D:1      | 355 ||| Stepping randomly (stuck).
   356 | D:1      | 356 ||| Stepping randomly (stuck).
   357 | D:1      | 357 ||| Stepping randomly (stuck).
   358 | D:1      | 358 ||| Stepping randomly (stuck).
   359 | D:1      | 359 ||| Stepping randomly (stuck).
   360 | D:1      | 360 ||| Stepping randomly (stuck).
   361 | D:1      | 361 ||| Stepping randomly (stuck).
   362 | D:1      | 362 ||| Stepping randomly (stuck).
   363 | D:1      | 363 ||| Stepping randomly (stuck).
   364 | D:1      | 364 ||| Stepping randomly (stuck).
   365 | D:1      | 365 ||| Stepping randomly (stuck).
   366 | D:1      | 366 ||| Stepping randomly (stuck).
   367 | D:1      | 367 ||| Stepping randomly (stuck).
   368 | D:1      | 368 ||| Stepping randomly (stuck).
   369 | D:1      | 369 ||| Stepping randomly (stuck).
   370 | D:1      | 370 ||| Stepping randomly (stuck).
   371 | D:1      | 371 ||| Stepping randomly (stuck).
   372 | D:1      | 372 ||| Stepping randomly (stuck).
   373 | D:1      | 373 ||| Stepping randomly (stuck).
   374 | D:1      | 374 ||| Stepping randomly (stuck).
   375 | D:1      | 375 ||| Stepping randomly (stuck).
   376 | D:1      | 376 ||| Stepping randomly (stuck).
   377 | D:1      | 377 ||| Stepping randomly (stuck).
   378 | D:1      | 378 ||| Stepping randomly (stuck).
   379 | D:1      | 379 ||| Stepping randomly (stuck).
   380 | D:1      | 380 ||| Stepping randomly (stuck).
   381 | D:1      | 381 ||| Stepping randomly (stuck).
   382 | D:1      | 382 ||| Stepping randomly (stuck).
   383 | D:1      | 383 ||| Stepping randomly (stuck).
   384 | D:1      | 384 ||| Stepping randomly (stuck).
   385 | D:1      | 385 ||| Stepping randomly (stuck).
   386 | D:1      | 386 ||| Stepping randomly (stuck).
   387 | D:1      | 387 ||| Stepping randomly (stuck).
   388 | D:1      | 388 ||| Stepping randomly (stuck).
   389 | D:1      | 389 ||| Stepping randomly (stuck).
   390 | D:1      | 390 ||| Stepping randomly (stuck).
   391 | D:1      | 391 ||| Stepping randomly (stuck).
   392 | D:1      | 392 ||| Stepping randomly (stuck).
   393 | D:1      | 393 ||| Stepping randomly (stuck).
   394 | D:1      | 394 ||| Stepping randomly (stuck).
   395 | D:1      | 395 ||| Stepping randomly (stuck).
   396 | D:1      | 396 ||| Stepping randomly (stuck).
   397 | D:1      | 397 ||| Stepping randomly (stuck).
   398 | D:1      | 398 ||| Stepping randomly (stuck).
   399 | D:1      | 399 ||| Stepping randomly (stuck).
   400 | D:1      | 400 ||| Stepping randomly (stuck).
   401 | D:1      | 401 ||| Stepping randomly (stuck).
   402 | D:1      | 402 ||| Stepping randomly (stuck).
   403 | D:1      | 403 ||| Stepping randomly (stuck).
   404 | D:1      | 404 ||| Stepping randomly (stuck).
   405 | D:1      | 405 ||| Stepping randomly (stuck).
   406 | D:1      | 406 ||| Stepping randomly (stuck).
   407 | D:1      | 407 ||| Stepping randomly (stuck).
   408 | D:1      | 408 ||| Stepping randomly (stuck).
   409 | D:1      | 409 ||| Stepping randomly (stuck).
   410 | D:1      | 410 ||| Stepping randomly (stuck).
   411 | D:1      | 411 ||| Stepping randomly (stuck).
   412 | D:1      | 412 ||| Stepping randomly (stuck).
   413 | D:1      | 413 ||| Stepping randomly (stuck).
   414 | D:1      | 414 ||| Stepping randomly (stuck).
   415 | D:1      | 415 ||| Stepping randomly (stuck).
   416 | D:1      | 416 ||| Stepping randomly (stuck).
   417 | D:1      | 417 ||| Stepping randomly (stuck).
   418 | D:1      | 418 ||| Stepping randomly (stuck).
   419 | D:1      | 419 ||| Stepping randomly (stuck).
   420 | D:1      | 420 ||| Stepping randomly (stuck).
   421 | D:1      | 421 ||| Stepping randomly (stuck).
   422 | D:1      | 422 ||| Stepping randomly (stuck).
   423 | D:1      | 423 ||| Stepping randomly (stuck).
   424 | D:1      | 424 ||| Stepping randomly (stuck).
   425 | D:1      | 425 ||| Stepping randomly (stuck).
   426 | D:1      | 426 ||| Stepping randomly (stuck).
   427 | D:1      | 427 ||| Stepping randomly (stuck).
   428 | D:1      | 428 ||| Stepping randomly (stuck).
   429 | D:1      | 429 ||| Stepping randomly (stuck).
   430 | D:1      | 430 ||| Stepping randomly (stuck).
   431 | D:1      | 431 ||| Stepping randomly (stuck).
   432 | D:1      | 432 ||| Stepping randomly (stuck).
   433 | D:1      | 433 ||| Stepping randomly (stuck).
   434 | D:1      | 434 ||| Stepping randomly (stuck).
   435 | D:1      | 435 ||| Stepping randomly (stuck).
   436 | D:1      | 436 ||| Stepping randomly (stuck).
   437 | D:1      | 437 ||| Stepping randomly (stuck).
   438 | D:1      | 438 ||| Stepping randomly (stuck).
   439 | D:1      | 439 ||| Stepping randomly (stuck).
   440 | D:1      | 440 ||| Stepping randomly (stuck).
   441 | D:1      | 441 ||| Stepping randomly (stuck).
   442 | D:1      | 442 ||| Stepping randomly (stuck).
   443 | D:1      | 443 ||| Stepping randomly (stuck).
   444 | D:1      | 444 ||| Stepping randomly (stuck).
   445 | D:1      | 445 ||| Stepping randomly (stuck).
   446 | D:1      | 446 ||| Stepping randomly (stuck).
   447 | D:1      | 447 ||| Stepping randomly (stuck).
   448 | D:1      | 448 ||| Stepping randomly (stuck).
   449 | D:1      | 449 ||| Stepping randomly (stuck).
   450 | D:1      | 450 ||| Stepping randomly (stuck).
   451 | D:1      | 451 ||| Stepping randomly (stuck).
   452 | D:1      | 452 ||| Stepping randomly (stuck).
   453 | D:1      | 453 ||| Stepping randomly (stuck).
   454 | D:1      | 454 ||| Stepping randomly (stuck).
   455 | D:1      | 455 ||| Stepping randomly (stuck).
   456 | D:1      | 456 ||| Stepping randomly (stuck).
   457 | D:1      | 457 ||| Stepping randomly (stuck).
   458 | D:1      | 458 ||| Stepping randomly (stuck).
   459 | D:1      | 459 ||| Stepping randomly (stuck).
   460 | D:1      | 460 ||| Stepping randomly (stuck).
   461 | D:1      | 461 ||| Stepping randomly (stuck).
   462 | D:1      | 462 ||| Stepping randomly (stuck).
   463 | D:1      | 463 ||| Stepping randomly (stuck).
   464 | D:1      | 464 ||| Stepping randomly (stuck).
   465 | D:1      | 465 ||| Stepping randomly (stuck).
   466 | D:1      | 466 ||| Stepping randomly (stuck).
   467 | D:1      | 467 ||| Stepping randomly (stuck).
   468 | D:1      | 468 ||| Stepping randomly (stuck).
   469 | D:1      | 469 ||| Stepping randomly (stuck).
   470 | D:1      | 470 ||| Stepping randomly (stuck).
   471 | D:1      | 471 ||| Stepping randomly (stuck).
   472 | D:1      | 472 ||| Stepping randomly (stuck).
   473 | D:1      | 473 ||| Stepping randomly (stuck).
   474 | D:1      | 474 ||| Stepping randomly (stuck).
   475 | D:1      | 475 ||| Stepping randomly (stuck).
   476 | D:1      | 476 ||| Stepping randomly (stuck).
   477 | D:1      | 477 ||| Stepping randomly (stuck).
   478 | D:1      | 478 ||| Stepping randomly (stuck).
   479 | D:1      | 479 ||| Stepping randomly (stuck).
   480 | D:1      | 480 ||| Stepping randomly (stuck).
   481 | D:1      | 481 ||| Stepping randomly (stuck).
   482 | D:1      | 482 ||| Stepping randomly (stuck).
   483 | D:1      | 483 ||| Stepping randomly (stuck).
   484 | D:1      | 484 ||| Stepping randomly (stuck).
   485 | D:1      | 485 ||| Stepping randomly (stuck).
   486 | D:1      | 486 ||| Stepping randomly (stuck).
   487 | D:1      | 487 ||| Stepping randomly (stuck).
   488 | D:1      | 488 ||| Stepping randomly (stuck).
   489 | D:1      | 489 ||| Stepping randomly (stuck).
   490 | D:1      | 490 ||| Stepping randomly (stuck).
   491 | D:1      | 491 ||| Stepping randomly (stuck).
   492 | D:1      | 492 ||| Stepping randomly (stuck).
   493 | D:1      | 493 ||| Stepping randomly (stuck).
   494 | D:1      | 494 ||| Stepping randomly (stuck).
   495 | D:1      | 495 ||| Stepping randomly (stuck).
   496 | D:1      | 496 ||| Stepping randomly (stuck).
   497 | D:1      | 497 ||| Stepping randomly (stuck).
   498 | D:1      | 498 ||| Stepping randomly (stuck).
   499 | D:1      | 499 ||| Stepping randomly (stuck).
   500 | D:1      | 500 ||| Stepping randomly (stuck).
   501 | D:1      | 501 ||| Stepping randomly (stuck).
   502 | D:1      | 502 ||| Stepping randomly (stuck).
   503 | D:1      | 503 ||| Stepping randomly (stuck).
   504 | D:1      | 504 ||| Stepping randomly (stuck).
   505 | D:1      | 505 ||| Stepping randomly (stuck).
   506 | D:1      | 506 ||| Stepping randomly (stuck).
   507 | D:1      | 507 ||| Stepping randomly (stuck).
   508 | D:1      | 508 ||| Stepping randomly (stuck).
   509 | D:1      | 509 ||| Stepping randomly (stuck).
   510 | D:1      | 510 ||| Stepping randomly (stuck).
   511 | D:1      | 511 ||| Stepping randomly (stuck).
   512 | D:1      | 512 ||| Stepping randomly (stuck).
   513 | D:1      | 513 ||| Stepping randomly (stuck).
   514 | D:1      | 514 ||| Stepping randomly (stuck).
   515 | D:1      | 515 ||| Stepping randomly (stuck).
   516 | D:1      | 516 ||| Stepping randomly (stuck).
   517 | D:1      | 517 ||| Stepping randomly (stuck).
   518 | D:1      | 518 ||| Stepping randomly (stuck).
   519 | D:1      | 519 ||| Stepping randomly (stuck).
   520 | D:1      | 520 ||| Stepping randomly (stuck).
   521 | D:1      | 521 ||| Stepping randomly (stuck).
   522 | D:1      | 522 ||| Stepping randomly (stuck).
   523 | D:1      | 523 ||| Stepping randomly (stuck).
   524 | D:1      | 524 ||| Stepping randomly (stuck).
   525 | D:1      | 525 ||| Stepping randomly (stuck).
   526 | D:1      | 526 ||| Stepping randomly (stuck).
   527 | D:1      | 527 ||| Stepping randomly (stuck).
   528 | D:1      | 528 ||| Stepping randomly (stuck).
   529 | D:1      | 529 ||| Stepping randomly (stuck).
   530 | D:1      | 530 ||| Stepping randomly (stuck).
   531 | D:1      | 531 ||| Stepping randomly (stuck).
   532 | D:1      | 532 ||| Stepping randomly (stuck).
   533 | D:1      | 533 ||| Stepping randomly (stuck).
   534 | D:1      | 534 ||| Stepping randomly (stuck).
   535 | D:1      | 535 ||| Stepping randomly (stuck).
   536 | D:1      | 536 ||| Stepping randomly (stuck).
   537 | D:1      | 537 ||| Stepping randomly (stuck).
   538 | D:1      | 538 ||| Stepping randomly (stuck).
   539 | D:1      | 539 ||| Stepping randomly (stuck).
   540 | D:1      | 540 ||| Stepping randomly (stuck).
   541 | D:1      | 541 ||| Stepping randomly (stuck).
   542 | D:1      | 542 ||| Stepping randomly (stuck).
   543 | D:1      | 543 ||| Stepping randomly (stuck).
   544 | D:1      | 544 ||| Stepping randomly (stuck).
   545 | D:1      | 545 ||| Stepping randomly (stuck).
   546 | D:1      | 546 ||| Stepping randomly (stuck).
   547 | D:1      | 547 ||| Stepping randomly (stuck).
   548 | D:1      | 548 ||| Stepping randomly (stuck).
   549 | D:1      | 549 ||| Stepping randomly (stuck).
   550 | D:1      | 550 ||| Stepping randomly (stuck).
   551 | D:1      | 551 ||| Stepping randomly (stuck).
   552 | D:1      | 552 ||| Stepping randomly (stuck).
   553 | D:1      | 553 ||| Stepping randomly (stuck).
   554 | D:1      | 554 ||| Stepping randomly (stuck).
   555 | D:1      | 555 ||| Stepping randomly (stuck).
   556 | D:1      | 556 ||| Stepping randomly (stuck).
   557 | D:1      | 557 ||| Stepping randomly (stuck).
   558 | D:1      | 558 ||| Stepping randomly (stuck).
   559 | D:1      | 559 ||| Stepping randomly (stuck).
   560 | D:1      | 560 ||| Stepping randomly (stuck).
   561 | D:1      | 561 ||| Stepping randomly (stuck).
   562 | D:1      | 562 ||| Stepping randomly (stuck).
   563 | D:1      | 563 ||| Stepping randomly (stuck).
   564 | D:1      | 564 ||| Stepping randomly (stuck).
   565 | D:1      | 565 ||| Stepping randomly (stuck).
   566 | D:1      | 566 ||| Stepping randomly (stuck).
   567 | D:1      | 567 ||| Stepping randomly (stuck).
   568 | D:1      | 568 ||| Stepping randomly (stuck).
   569 | D:1      | 569 ||| Stepping randomly (stuck).
   570 | D:1      | 570 ||| Stepping randomly (stuck).
   571 | D:1      | 571 ||| Stepping randomly (stuck).
   572 | D:1      | 572 ||| Stepping randomly (stuck).
   573 | D:1      | 573 ||| Stepping randomly (stuck).
   574 | D:1      | 574 ||| Stepping randomly (stuck).
   575 | D:1      | 575 ||| Stepping randomly (stuck).
   576 | D:1      | 576 ||| Stepping randomly (stuck).
   577 | D:1      | 577 ||| Stepping randomly (stuck).
   578 | D:1      | 578 ||| Stepping randomly (stuck).
   579 | D:1      | 579 ||| Stepping randomly (stuck).
   580 | D:1      | 580 ||| Stepping randomly (stuck).
   581 | D:1      | 581 ||| Stepping randomly (stuck).
   582 | D:1      | 582 ||| Stepping randomly (stuck).
   583 | D:1      | 583 ||| Stepping randomly (stuck).
   584 | D:1      | 584 ||| Stepping randomly (stuck).
   585 | D:1      | 585 ||| Stepping randomly (stuck).
   586 | D:1      | 586 ||| Stepping randomly (stuck).
   587 | D:1      | 587 ||| Stepping randomly (stuck).
   588 | D:1      | 588 ||| Stepping randomly (stuck).
   589 | D:1      | 589 ||| Stepping randomly (stuck).
   590 | D:1      | 590 ||| Stepping randomly (stuck).
   591 | D:1      | 591 ||| Stepping randomly (stuck).
   592 | D:1      | 592 ||| Stepping randomly (stuck).
   593 | D:1      | 593 ||| Stepping randomly (stuck).
   594 | D:1      | 594 ||| Stepping randomly (stuck).
   595 | D:1      | 595 ||| Stepping randomly (stuck).
   596 | D:1      | 596 ||| Stepping randomly (stuck).
   597 | D:1      | 597 ||| Stepping randomly (stuck).
   598 | D:1      | 598 ||| Stepping randomly (stuck).
   599 | D:1      | 599 ||| Stepping randomly (stuck).
   600 | D:1      | 600 ||| Stepping randomly (stuck).
   601 | D:1      | 601 ||| Stepping randomly (stuck).
   602 | D:1      | 602 ||| Stepping randomly (stuck).
   603 | D:1      | 603 ||| Stepping randomly (stuck).
   604 | D:1      | 604 ||| Stepping randomly (stuck).
   605 | D:1      | 605 ||| Stepping randomly (stuck).
   606 | D:1      | 606 ||| Stepping randomly (stuck).
   607 | D:1      | 607 ||| Stepping randomly (stuck).
   608 | D:1      | 608 ||| Stepping randomly (stuck).
   609 | D:1      | 609 ||| Stepping randomly (stuck).
   610 | D:1      | 610 ||| Stepping randomly (stuck).
   612 | D:1      | 612 ||| Stepping randomly (stuck).
   613 | D:1      | 613 ||| Stepping randomly (stuck).
   614 | D:1      | 614 ||| Stepping randomly (stuck).
   615 | D:1      | 615 ||| Stepping randomly (stuck).
   616 | D:1      | 616 ||| Stepping randomly (stuck).
   617 | D:1      | 617 ||| Stepping randomly (stuck).
   618 | D:1      | 618 ||| Stepping randomly (stuck).
   619 | D:1      | 619 ||| Stepping randomly (stuck).
   620 | D:1      | 620 ||| Stepping randomly (stuck).
   621 | D:1      | 621 ||| Stepping randomly (stuck).
   622 | D:1      | 622 ||| Stepping randomly (stuck).
   623 | D:1      | 623 ||| Stepping randomly (stuck).
   624 | D:1      | 624 ||| Stepping randomly (stuck).
   625 | D:1      | 625 ||| Stepping randomly (stuck).
   626 | D:1      | 626 ||| Stepping randomly (stuck).
   627 | D:1      | 627 ||| Stepping randomly (stuck).
   628 | D:1      | 628 ||| Stepping randomly (stuck).
   629 | D:1      | 629 ||| Stepping randomly (stuck).
   630 | D:1      | 630 ||| Stepping randomly (stuck).
   631 | D:1      | 631 ||| Stepping randomly (stuck).
   632 | D:1      | 632 ||| Stepping randomly (stuck).
   633 | D:1      | 633 ||| Stepping randomly (stuck).
   634 | D:1      | 634 ||| Stepping randomly (stuck).
   635 | D:1      | 635 ||| Stepping randomly (stuck).
   636 | D:1      | 636 ||| Stepping randomly (stuck).
   637 | D:1      | 637 ||| Stepping randomly (stuck).
   638 | D:1      | 638 ||| Stepping randomly (stuck).
   639 | D:1      | 639 ||| Stepping randomly (stuck).
   640 | D:1      | 640 ||| Stepping randomly (stuck).
   641 | D:1      | 641 ||| Stepping randomly (stuck).
   642 | D:1      | 642 ||| Stepping randomly (stuck).
   643 | D:1      | 643 ||| Stepping randomly (stuck).
   644 | D:1      | 644 ||| Stepping randomly (stuck).
   645 | D:1      | 645 ||| Stepping randomly (stuck).
   646 | D:1      | 646 ||| Stepping randomly (stuck).
   647 | D:1      | 647 ||| Stepping randomly (stuck).
   648 | D:1      | 648 ||| Stepping randomly (stuck).
   649 | D:1      | 649 ||| Stepping randomly (stuck).
   650 | D:1      | 650 ||| Stepping randomly (stuck).
   651 | D:1      | 651 ||| Stepping randomly (stuck).
   652 | D:1      | 652 ||| Stepping randomly (stuck).
   653 | D:1      | 653 ||| Stepping randomly (stuck).
   654 | D:1      | 654 ||| Stepping randomly (stuck).
   656 | D:1      | 656 ||| Stepping randomly (stuck).
   657 | D:1      | 657 ||| Stepping randomly (stuck).
   658 | D:1      | 658 ||| Stepping randomly (stuck).
   659 | D:1      | 659 ||| Stepping randomly (stuck).
   660 | D:1      | 660 ||| Stepping randomly (stuck).
   661 | D:1      | 661 ||| Stepping randomly (stuck).
   662 | D:1      | 662 ||| Stepping randomly (stuck).
   663 | D:1      | 663 ||| Stepping randomly (stuck).
   664 | D:1      | 664 ||| Stepping randomly (stuck).
   665 | D:1      | 665 ||| Stepping randomly (stuck).
   666 | D:1      | 666 ||| Stepping randomly (stuck).
   667 | D:1      | 667 ||| Stepping randomly (stuck).
   668 | D:1      | 668 ||| Stepping randomly (stuck).
   669 | D:1      | 669 ||| Stepping randomly (stuck).
   670 | D:1      | 670 ||| Stepping randomly (stuck).
   671 | D:1      | 671 ||| Stepping randomly (stuck).
   672 | D:1      | 672 ||| Stepping randomly (stuck).
   673 | D:1      | 673 ||| Stepping randomly (stuck).
   674 | D:1      | 674 ||| Stepping randomly (stuck).
   675 | D:1      | 675 ||| Stepping randomly (stuck).
   676 | D:1      | 676 ||| Stepping randomly (stuck).
   677 | D:1      | 677 ||| Stepping randomly (stuck).
   678 | D:1      | 678 ||| Stepping randomly (stuck).
   679 | D:1      | 679 ||| Stepping randomly (stuck).
   680 | D:1      | 680 ||| Stepping randomly (stuck).
   681 | D:1      | 681 ||| Stepping randomly (stuck).
   682 | D:1      | 682 ||| Stepping randomly (stuck).
   683 | D:1      | 683 ||| Stepping randomly (stuck).
   684 | D:1      | 684 ||| Stepping randomly (stuck).
   685 | D:1      | 685 ||| Stepping randomly (stuck).
   686 | D:1      | 686 ||| Stepping randomly (stuck).
   687 | D:1      | 687 ||| Stepping randomly (stuck).
   688 | D:1      | 688 ||| Stepping randomly (stuck).
   689 | D:1      | 689 ||| Stepping randomly (stuck).
   690 | D:1      | 690 ||| Stepping randomly (stuck).
   691 | D:1      | 691 ||| Stepping randomly (stuck).
   692 | D:1      | 692 ||| Stepping randomly (stuck).
   693 | D:1      | 693 ||| Stepping randomly (stuck).
   694 | D:1      | 694 ||| Stepping randomly (stuck).
   695 | D:1      | 695 ||| Stepping randomly (stuck).
   696 | D:1      | 696 ||| Stepping randomly (stuck).
   697 | D:1      | 697 ||| Stepping randomly (stuck).
   698 | D:1      | 698 ||| Stepping randomly (stuck).
   699 | D:1      | 699 ||| Stepping randomly (stuck).
   700 | D:1      | 700 ||| Stepping randomly (stuck).
   701 | D:1      | 701 ||| Stepping randomly (stuck).
   702 | D:1      | 702 ||| Stepping randomly (stuck).
   703 | D:1      | 703 ||| Stepping randomly (stuck).
   704 | D:1      | 704 ||| Stepping randomly (stuck).
   705 | D:1      | 705 ||| Stepping randomly (stuck).
   706 | D:1      | 706 ||| Stepping randomly (stuck).
   707 | D:1      | 707 ||| Stepping randomly (stuck).
   708 | D:1      | 708 ||| Stepping randomly (stuck).
   709 | D:1      | 709 ||| Stepping randomly (stuck).
   710 | D:1      | 710 ||| Stepping randomly (stuck).
   711 | D:1      | 711 ||| Stepping randomly (stuck).
   712 | D:1      | 712 ||| Stepping randomly (stuck).
   713 | D:1      | 713 ||| Stepping randomly (stuck).
   714 | D:1      | 714 ||| Stepping randomly (stuck).
   715 | D:1      | 715 ||| Stepping randomly (stuck).
   716 | D:1      | 716 ||| Stepping randomly (stuck).
   717 | D:1      | 717 ||| Stepping randomly (stuck).
   718 | D:1      | 718 ||| Stepping randomly (stuck).
   719 | D:1      | 719 ||| Stepping randomly (stuck).
   720 | D:1      | 720 ||| Stepping randomly (stuck).
   721 | D:1      | 721 ||| Stepping randomly (stuck).
   722 | D:1      | 722 ||| Stepping randomly (stuck).
   723 | D:1      | 723 ||| Stepping randomly (stuck).
   724 | D:1      | 724 ||| Stepping randomly (stuck).
   725 | D:1      | 725 ||| Stepping randomly (stuck).
   726 | D:1      | 726 ||| Stepping randomly (stuck).
   727 | D:1      | 727 ||| Stepping randomly (stuck).
   728 | D:1      | 728 ||| Stepping randomly (stuck).
   729 | D:1      | 729 ||| Stepping randomly (stuck).
   730 | D:1      | 730 ||| Stepping randomly (stuck).
   731 | D:1      | 731 ||| Stepping randomly (stuck).
   732 | D:1      | 732 ||| Stepping randomly (stuck).
   733 | D:1      | 733 ||| Stepping randomly (stuck).
   734 | D:1      | 734 ||| Stepping randomly (stuck).
   735 | D:1      | 735 ||| Stepping randomly (stuck).
   736 | D:1      | 736 ||| Stepping randomly (stuck).
   737 | D:1      | 737 ||| Stepping randomly (stuck).
   738 | D:1      | 738 ||| Stepping randomly (stuck).
   739 | D:1      | 739 ||| Stepping randomly (stuck).
   740 | D:1      | 740 ||| Stepping randomly (stuck).
   741 | D:1      | 741 ||| Stepping randomly (stuck).
   764 | D:2      | Noticed Sigmund
   765 | D:2      | 765 ||| Stepping ~*~*~tactically~*~*~ (hiding).
   768 | D:2      | 768 ||| Stepping ~*~*~tactically~*~*~ (hiding).
   774 | D:2      | HP: 1/19 [Sigmund/puff of flame (5)]
   776 | D:2      | Killed Sigmund
   777 | D:2      | Reached skill level 6 in Axes
   777 | D:2      | Reached XP level 2. HP: 2/26 MP: 1/1
   777 | D:2      | Reached XP level 3. HP: 2/31 MP: 2/2
   777 | D:2      | Reached XP level 4. HP: 3/39 MP: 3/3
   777 | D:2      | Reached XP level 5. HP: 4/45 MP: 4/4
  1101 | D:2      | 1101 ||| DROPPING +0 club.
  1350 | D:2      | Found a faded altar of an unknown god.
  1709 | D:2      | Found a runed translucent door.
  1710 | D:2      | Noticed Crazy Yiuf
  2003 | D:2      | 2003 ||| READING 3 scrolls labelled MITYORCH HELYBEQO.
  2004 | D:2      | 2004 ||| READING scroll labelled GOKHLEL DEGEE.
  2005 | D:2      | 2005 ||| READING scroll labelled HYISURUGUG.
  2006 | D:2      | 2006 ||| READING scroll labelled URPHER ITU PEPP.
  2007 | D:2      | 2007 ||| READING scroll labelled TOXTIF DYKHLE.
  2008 | D:2      | 2008 ||| DROPPING 2 scrolls of amnesia.
  2417 | D:1      | Reached skill level 7 in Axes
  2657 | D:1      | 2657 ||| DROPPING +0 leather armour of positive energy.
  2667 | D:1      | 2667 ||| UPGRADING to +0 plate armour.
  2677 | D:1      | 2677 ||| DROPPING +0 scale mail.
  2678 | D:1      | 2678 ||| READING scroll of enchant armour.
  2678 | D:1      | 2678 ||| ENCHANTING +0 plate armour.
  2682 | D:1      | 2682 ||| READING scroll labelled ANAKOCZOPNU.
  2683 | D:1      | 2683 ||| READING 2 scrolls of identify.
  2683 | D:1      | 2683 ||| IDENTIFYING coppery potion
  2789 | D:3      | Reached XP level 6. HP: 52/52 MP: 5/5
  2821 | D:3      | HP: 9/52 [scorpion (5)]
  2822 | D:3      | HP: 1/52 [scorpion (5)]
  2823 | D:3      | Succumbed to a scorpion's poison

Levels and vault maps discovered:
D:1:      ldierk_water_garden, layout_basic, grunt_decor_junction
D:2:      layout_basic, hellmonk_ecumenical_altar_arch_garden, uniq_sigmund,
          uniq_crazy_yiuf_cottage
D:3:      layout_loops_ring, uniq_grinder

Skill      XL: |  1  2  3  4  5 |
---------------+----------------+-----
Axes           | 6 7 |  7.0
Dodging        | 2 |  2.1
Fighting       | 4 |  4.0
Armour         | |  3.6
Shields        | |  3.6

Action                   |  1- 3 |  4- 6 || total
-------------------------+-------+-------++-------
Melee: War axe           |     5 |    83 ||    88
       Headbutt          |       |    10 ||    10
Throw: Boomerang         |       |    36 ||    36
  Use: Scroll            |       |     8 ||     8
Armor: Scale mail        |       |    18 ||    18
       Plate armour      |       |    18 ||    18
Dodge: Dodged            |     2 |    24 ||    26
Block: Buckler           |       |    13 ||    13

Table legend:
 A = Non-vault XP
 B = Vault XP
 C = Vault XP percentage of total XP
 D = Non-vault monster count
 E = Vault monster count
 F = Vault count percentage of total count
                 A         B        C        D         E       F
            +---------+---------+-------+---------+---------+-------
      Total |     192 |     214 |  52.7 |      41 |       1 |   2.4
            +---------+---------+-------+---------+---------+-------
        D:1 |      35 |       0 |   0.0 |      20 |       0 |   0.0
        D:2 |     125 |     214 |  63.1 |      16 |       1 |   5.9
        D:3 |      32 |       0 |   0.0 |       5 |       0 |   0.0
            +---------+---------+-------+---------+---------+-------
